XFBL
CALIFORNIA ANGELS @ TEXAS RANGERS
09/24/1982
 
TOP OF THE 1ST
California Angels batting - Pitching for Texas Rangers : RHP Tim Leary
Pitching: RHP Tim Leary
Batting: RHB Frank White 0-0: Ball
1-0: Called Strike
1-1: Swinging Strike
1-2: Foul Ball, location: 2F
1-2: Foul Ball, location: 2F
1-2: Ball
2-2: Foul Ball, location: 2F
2-2: SINGLE (Groundball, 6MD, EV 96.9 MPH)
Batting: RHB Jeff Atherton 0-0: Fly out, F1 (Line Drive, P, EV 60.6 MPH)
Batting: SHB Jon Hernandez 0-0: Ball
Frank White steals 2nd base
1-0: Ball
Wild Pitch!
Frank White to third
2-0: Ball
3-0: Base on Balls
Batting: LHB Jason D Thompson 0-0: Ball
1-0: Foul Ball, location: 2F
1-1: Ball
2-1: Ball
3-1: Swinging Strike
3-2: Strikes out looking
Batting: LHB John Milner 0-0: Ground out U3 (Groundball, 3, EV 81.9 MPH)
Top of the 1st over - 0 runs, 1 hit, 0 errors, 2 left on base; California 0 - Texas 0
BOTTOM OF THE 1ST
Texas Rangers batting - Pitching for California Angels : RHP Raimundo Michel
Pitching: RHP Raimundo Michel
Batting: LHB Lenny Dykstra 0-0: Ball
1-0: Foul Ball, location: 2F
1-1: Foul Ball, location: 2F
1-2: Fly out, F7 (Flyball, 78D, EV 78.8 MPH)
Batting: RHB Kirby Puckett 0-0: Ball
1-0: Swinging Strike
1-1: Ball
2-1: Swinging Strike
2-2: Ball
3-2: Strikes out looking
Batting: RHB Steve Garvey 0-0: Ball
1-0: Foul Ball, location: 2F
1-1: Foul Ball, location: 2F
1-2: Ball
2-2: Ball
3-2: Base on Balls
Batting: RHB Steve Balboni 0-0: Called Strike
0-1: Foul Ball, location: 2F
0-2: Strikes out swinging
Bottom of the 1st over - 0 runs, 0 hits, 0 errors, 1 left on base; California 0 - Texas 0
TOP OF THE 2ND
California Angels batting - Pitching for Texas Rangers : RHP Tim Leary
Batting: RHB Mike Bishop 0-0: SINGLE (Groundball, 56D, EV 95.6 MPH)
Batting: SHB Ignacio Medina 0-0: Called Strike
0-1: Fly out, F7 (Line Drive, 7, EV 96.9 MPH)
Batting: SHB Manny Castillo 0-0: Called Strike
0-1: Ball
1-1: SINGLE (Groundball, 56D, EV 111.3 MPH)
Mike Bishop to second
Mike Bishop to third
Batting: RHB Carlos Pimentel 0-0: Ball
1-0: Called Strike
1-1: Fly out, F9 (Flyball, 9S, EV 75.6 MPH)
Batting: RHB Frank White 0-0: SINGLE (Groundball, 34D, EV 95.6 MPH)
Mike Bishop scores
Manny Castillo to second
Runner from 2nd tries for 3rd, OUT! 9-5
Top of the 2nd over - 1 run, 3 hits, 0 errors, 1 left on base; California 1 - Texas 0
BOTTOM OF THE 2ND
Texas Rangers batting - Pitching for California Angels : RHP Raimundo Michel
Batting: LHB Jody Helser 0-0: Called Strike
0-1: Ball
1-1: Foul Ball, location: 2F
1-2: Reached on error, E5 (Groundball, 5, EV 83.1 MPH)
Batting: LHB Richie Hebner 0-0: Ball
1-0: Swinging Strike
1-1: Ball
2-1: Foul Ball, location: 2F
2-2: 2-RUN HOME RUN (Flyball, 9D, EV 94.4 MPH), Distance : 394 ft
Batting: LHB Ernie Whitt 0-0: Called Strike
0-1: Swinging Strike
0-2: Foul Ball, location: 2F
0-2: Ball
1-2: Strikes out looking
Batting: RHB Juan Rodriguez 0-0: Ball
1-0: Called Strike
1-1: Ball
2-1: Foul Ball, location: 2F
2-2: DOUBLE (Line Drive, 89D, EV 108.8 MPH)
Batting: RHB Juan Samuel 0-0: Ball
1-0: Ball
2-0: Ground out 6-3 (Groundball, 6, EV 90.6 MPH)
Juan Rodriguez to third
Batting: LHB Lenny Dykstra 0-0: Called Strike
0-1: Ground out 4-3 (Groundball, 4, EV 79.4 MPH)
Bottom of the 2nd over - 2 runs, 2 hits, 1 error, 1 left on base; California 1 - Texas 2
TOP OF THE 3RD
California Angels batting - Pitching for Texas Rangers : RHP Tim Leary
Batting: RHB Jeff Atherton 0-0: Ball
1-0: SINGLE (Groundball, 6MS, EV 68.1 MPH) (infield hit)
Batting: SHB Jon Hernandez 0-0: Ball
1-0: Ball
2-0: Called Strike
2-1: Foul Ball, location: 2F
2-2: TRIPLE (Line Drive, 9D, EV 99.4 MPH)
Jeff Atherton scores
Batting: LHB Jason D Thompson 0-0: Called Strike
0-1: Called Strike
0-2: Strikes out looking
Batting: LHB John Milner 0-0: Ball
1-0: Called Strike
1-1: Fly out, F9 (Flyball, 9LS, EV 78.1 MPH)
Batting: RHB Mike Bishop 0-0: Ball
1-0: Called Strike
1-1: Swinging Strike
1-2: SINGLE (Groundball, 6MD, EV 109.4 MPH)
Jon Hernandez scores
Batting: SHB Ignacio Medina 0-0: Called Strike
0-1: Ground out 4-3 (Groundball, 4, EV 91.9 MPH)
Top of the 3rd over - 2 runs, 3 hits, 0 errors, 1 left on base; California 3 - Texas 2
BOTTOM OF THE 3RD
Texas Rangers batting - Pitching for California Angels : RHP Raimundo Michel
Batting: RHB Kirby Puckett 0-0: Ball
1-0: Ground out 4-3 (Groundball, 4, EV 96.3 MPH)
Batting: RHB Steve Garvey 0-0: Ball
1-0: Ground out 1-3 (Groundball, 13S, EV 65.0 MPH)
Batting: RHB Steve Balboni 0-0: Ball
1-0: Ball
2-0: Ground out 6-3 (Groundball, 6, EV 82.5 MPH)
Bottom of the 3rd over - 0 runs, 0 hits, 0 errors, 0 left on base; California 3 - Texas 2
TOP OF THE 4TH
California Angels batting - Pitching for Texas Rangers : RHP Tim Leary
Batting: SHB Manny Castillo 0-0: SINGLE (Line Drive, 7S, EV 108.1 MPH)
Batting: RHB Carlos Pimentel 0-0: Ball
1-0: Foul Ball, location: 2F
1-1: DOUBLE (Line Drive, 9LD, EV 100.0 MPH)
Manny Castillo to third
Batting: RHB Frank White 0-0: Ball
1-0: Called Strike
1-1: Ball
2-1: Foul Ball, location: 2F
2-2: Ball
3-2: SINGLE (Groundball, 6MD, EV 106.9 MPH)
Manny Castillo scores
Carlos Pimentel to third
Runner from 3rd tries for Home, SAFE, throw by CF to home
Batting: RHB Jeff Atherton 0-0: Swinging Strike
0-1: Ball
1-1: Called Strike
1-2: Foul Ball, location: 2F
1-2: Grounds into double play, 4-6-3 (Groundball, 4, EV 81.9 MPH)
Batting: SHB Jon Hernandez 0-0: Called Strike
0-1: Foul Ball, location: 2F
0-2: Fly out, F8 (Flyball, 8RXD, EV 99.4 MPH)
Top of the 4th over - 2 runs, 3 hits, 0 errors, 0 left on base; California 5 - Texas 2
BOTTOM OF THE 4TH
Texas Rangers batting - Pitching for California Angels : RHP Raimundo Michel
Batting: LHB Jody Helser 0-0: Ball
1-0: Ground out 6-3 (Groundball, 6S, EV 88.8 MPH)
Batting: LHB Richie Hebner 0-0: Foul Ball, location: 2F
0-1: Ball
1-1: Fly out, F1 (Line Drive, P, EV 60.0 MPH)
Batting: LHB Ernie Whitt 0-0: Foul Ball, location: 2F
0-1: Swinging Strike
0-2: Strikes out swinging
Bottom of the 4th over - 0 runs, 0 hits, 0 errors, 0 left on base; California 5 - Texas 2
TOP OF THE 5TH
California Angels batting - Pitching for Texas Rangers : RHP Tim Leary
Batting: LHB Jason D Thompson 0-0: Called Strike
0-1: SINGLE (Groundball, 56, EV 101.9 MPH)
Batting: LHB John Milner 0-0: Foul Ball, location: 2F
0-1: Ball
1-1: Foul Ball, location: 2F
1-2: Strikes out swinging
Batting: RHB Mike Bishop 0-0: Ball
1-0: Ball
2-0: Fly out, F8 (Flyball, 8LD, EV 100.6 MPH)
Batting: SHB Ignacio Medina 0-0: Ball
1-0: SINGLE (Line Drive, 34D, EV 95.0 MPH)
Jason D Thompson to second
Runner from 2nd tries for 3rd, SAFE, no throw by RF
Batting: SHB Manny Castillo 0-0: Foul Ball, location: 2F
0-1: Ball
1-1: DOUBLE (Flyball, 9LD, EV 112.5 MPH)
Jason D Thompson scores
Ignacio Medina to third
Runner from 3rd tries for Home, throw by RF and OUT! 9-4-2
Top of the 5th over - 1 run, 3 hits, 0 errors, 1 left on base; California 6 - Texas 2
BOTTOM OF THE 5TH
Texas Rangers batting - Pitching for California Angels : RHP Raimundo Michel
Batting: RHB Juan Rodriguez 0-0: Called Strike
0-1: Fly out, F5 (Line Drive, 5, EV 67.5 MPH)
Batting: RHB Juan Samuel 0-0: Called Strike
0-1: Swinging Strike
0-2: Ball
1-2: Strikes out swinging
Batting: LHB Lenny Dykstra 0-0: Called Strike
0-1: Foul Ball, location: 2F
0-2: Fly out, F8 (Line Drive, 8RD, EV 90.6 MPH)
Bottom of the 5th over - 0 runs, 0 hits, 0 errors, 0 left on base; California 6 - Texas 2
TOP OF THE 6TH
California Angels batting - Pitching for Texas Rangers : RHP Tim Leary
Pitching: RHP Ed Lynch
Batting: RHB Carlos Pimentel 0-0: Ball
1-0: SINGLE (Groundball, 23, EV 70.0 MPH) (infield hit)
Batting: RHB Frank White 0-0: Ball
Carlos Pimentel is caught stealing 2nd base 2-4
1-0: Ground out 6-3 (Groundball, 6, EV 89.4 MPH)
Batting: RHB Jeff Atherton 0-0: Ball
1-0: Ball
2-0: Fly out, F6 (Line Drive, 6, EV 65.0 MPH)
Top of the 6th over - 0 runs, 1 hit, 0 errors, 0 left on base; California 6 - Texas 2
BOTTOM OF THE 6TH
Texas Rangers batting - Pitching for California Angels : RHP Raimundo Michel
Batting: RHB Kirby Puckett 0-0: Foul Ball, location: 2F
0-1: Ball
1-1: Swinging Strike
1-2: Ball
2-2: Strikes out swinging
Batting: RHB Steve Garvey 0-0: Ball
1-0: SINGLE (Line Drive, 78S, EV 86.3 MPH)
Batting: RHB Steve Balboni 0-0: Called Strike
0-1: Foul Ball, location: 2F
0-2: Grounds into double play, 6-4-3 (Groundball, 6, EV 88.8 MPH)
Bottom of the 6th over - 0 runs, 1 hit, 0 errors, 0 left on base; California 6 - Texas 2
TOP OF THE 7TH
California Angels batting - Pitching for Texas Rangers : RHP Ed Lynch
Batting: SHB Jon Hernandez 0-0: Ball
1-0: Foul Ball, location: 2F
1-1: Ball
2-1: Ball
3-1: Base on Balls
Batting: LHB Jason D Thompson 0-0: Ball
1-0: Grounds into double play, 1-6-3 (Groundball, 13S, EV 73.8 MPH)
Batting: LHB John Milner 0-0: Called Strike
0-1: Ball
1-1: Ball
2-1: Ball
3-1: SOLO HOME RUN (Flyball, 89XD, EV 100.0 MPH), Distance : 386 ft
Batting: RHB Mike Bishop 0-0: Foul Ball, location: 2F
0-1: Foul Ball, location: 2F
0-2: Ball
1-2: Ground out 5-3 (Groundball, 56S, EV 61.3 MPH)
Top of the 7th over - 1 run, 1 hit, 0 errors, 0 left on base; California 7 - Texas 2
BOTTOM OF THE 7TH
Texas Rangers batting - Pitching for California Angels : RHP Raimundo Michel
Batting: LHB Jody Helser 0-0: Called Strike
0-1: Ball
1-1: Ground out 4-3 (Groundball, 4, EV 85.0 MPH)
Batting: LHB Richie Hebner 0-0: Ball
1-0: Ball
2-0: Ball
3-0: Hit by Pitch
Batting: LHB Ernie Whitt 0-0: Called Strike
0-1: Foul Ball, location: 2F
0-2: Ball
1-2: Grounds into double play, 5-4-3 (Groundball, 56, EV 80.6 MPH)
Bottom of the 7th over - 0 runs, 0 hits, 0 errors, 0 left on base; California 7 - Texas 2
TOP OF THE 8TH
California Angels batting - Pitching for Texas Rangers : RHP Ed Lynch
Batting: SHB Ignacio Medina 0-0: Called Strike
0-1: Ball
1-1: Ground out 4-3 (Groundball, 4, EV 82.5 MPH)
Batting: SHB Manny Castillo 0-0: Reached on error, E3 (Groundball, 34S, EV 91.9 MPH)
Batting: RHB Carlos Pimentel 0-0: Foul Ball, location: 2F
0-1: Ball
1-1: Swinging Strike
1-2: Foul Ball, location: 2F
1-2: Strikes out looking
Batting: RHB Frank White 0-0: Ball
1-0: Foul Ball, location: 2F
1-1: Foul Ball, location: 2F
1-2: Foul Ball, location: 2F
1-2: Ball
2-2: Foul Ball, location: 2F
2-2: Foul Ball, location: 2F
2-2: Ground out 2-3 (Groundball, 2R, EV 66.3 MPH)
Top of the 8th over - 0 runs, 0 hits, 1 error, 1 left on base; California 7 - Texas 2
BOTTOM OF THE 8TH
Texas Rangers batting - Pitching for California Angels : RHP Raimundo Michel
Batting: RHB Juan Rodriguez 0-0: Ball
1-0: Swinging Strike
1-1: TRIPLE (Line Drive, 8LXD, EV 106.9 MPH)
Batting: RHB Juan Samuel 0-0: Ball
1-0: Foul Ball, location: 2F
1-1: Foul Ball, location: 2F
1-2: Strikes out looking
Batting: LHB Lenny Dykstra 0-0: Ball
1-0: Ball
2-0: Ball
3-0: Base on Balls
Batting: RHB Kirby Puckett 0-0: Ball
1-0: Foul Ball, location: 2F
1-1: Grounds into double play, 5-4-3 (Groundball, 56S, EV 90.0 MPH)
Bottom of the 8th over - 0 runs, 1 hit, 0 errors, 1 left on base; California 7 - Texas 2
TOP OF THE 9TH
California Angels batting - Pitching for Texas Rangers : RHP Ed Lynch
Batting: RHB Jeff Atherton 0-0: Fly out, F9 (Line Drive, 9, EV 95.6 MPH)
Batting: SHB Jon Hernandez 0-0: Ball
1-0: Fly out, F9 (Flyball, 8RM, EV 84.4 MPH)
Batting: LHB Jason D Thompson 0-0: Foul Ball, location: 2F
0-1: Ball
1-1: Fly out, F4 (Popup, 4D, EV 45.6 MPH)
Top of the 9th over - 0 runs, 0 hits, 0 errors, 0 left on base; California 7 - Texas 2
BOTTOM OF THE 9TH
Texas Rangers batting - Pitching for California Angels : RHP Raimundo Michel
Batting: RHB Steve Garvey 0-0: Foul Ball, location: 2F
0-1: Ball
1-1: Ball
2-1: Fly out, F3 (Line Drive, 3, EV 70.0 MPH)
Batting: RHB Steve Balboni 0-0: Called Strike
0-1: Fly out, F8 (Line Drive, 8RM, EV 97.5 MPH)
Batting: LHB Jody Helser 0-0: Called Strike
0-1: Foul Ball, location: 2F
0-2: SINGLE (Groundball, 6S, EV 67.5 MPH) (infield hit)
Batting: LHB Richie Hebner 0-0: Ball
1-0: Ball
2-0: Ball
3-0: Called Strike
3-1: Fly out, F8 (Flyball, 8RD, EV 98.8 MPH)
Bottom of the 9th over - 0 runs, 1 hit, 0 errors, 1 left on base; California 7 - Texas 2
Wednesday, September 2nd, 2020 - OOTP Baseball 21.5 Build 76